 Dungeon Crawl Stone Soup version 0.24-a0-528-g98e85ec62a (webtiles) character file.

Game seed: 1042445353050850548

23 BinkBink the Slasher (level 2, 0/28 HPs)
             Began as a Deep Dwarf Berserker on Aug 6, 2019.
             Was a Follower of Trog.
             Slain by Terence
             ... wielding a +0 trident
              (1 damage)
             ... on level 2 of the Dungeon.
             The game lasted 00:00:54 (713 turns).

BinkBink the Slasher (Deep Dwarf Berserker)          Turns: 713, Time: 00:00:54

Health: 0/28       AC:  2    Str: 20    XL:     2   Next: 72%
Magic:  2/2        EV: 12    Int:  7    God:    Trog [*.....]
Gold:   111        SH:  0    Dex: 12    Spells: 1/1 levels left

rFire    . . .     SeeInvis .   a - +0 falchion
rCold    . . .     Gourm    .   (no shield)
rNeg     . . .     Faith    .   b - +0 animal skin
rPois    .         Spirit   .   (no helmet)
rElec    .         Reflect  .   (no cloak)
rCorr    .         Harm     .   (no gloves)
MR       .....                  (no boots)
Stlth    +.........             (no amulet)
HPRegen  0.00/turn              (no ring)
MPRegen  0.08/turn              (no ring)

@: non-regenerating
A: damage resistance, heal wounds, sense surroundings 1, no regeneration
a: Heal Wounds, Berserk, Renounce Religion


You were on level 2 of the Dungeon.
You worshipped Trog.
Trog was aware of your devotion.
You were not hungry.

You visited 1 branch of the dungeon, and saw 2 of its levels.

You collected 111 gold pieces.

Inventory:

Hand Weapons
 a - a +0 falchion (weapon)
Armour
 b - a +0 animal skin (worn)
Scrolls
 d - a scroll of magic mapping {unknown}
 e - a scroll of identify {unknown}
 g - a scroll of amnesia {unknown}
Potions
 f - 2 potions of heal wounds {unknown}
Comestibles
 c - a ration


   Skills:
 + Level 3.1 Fighting
 + Level 3.6 Long Blades
 + Level 2.2 Armour
 + Level 2.3 Dodging


You had one spell level left.
You didn't know any spells.
Your spell library was empty.

Dungeon Overview and Level Annotations

Branches:
Dungeon (2/15)

Altars:

Annotations:
D:2 Terence


Innate Abilities, Weirdness & Mutations

You are resistant to damage.
You can heal yourself by infusing magical energy.
You passively map a small area around you.
You do not regenerate.


Message History

Terence hits you with a +0 trident!
* * * LOW HITPOINT WARNING * * *
You hit Terence.
Terence is lightly wounded.
Terence hits you with a +0 trident.
* * * LOW HITPOINT WARNING * * *
You hit Terence but do no damage.
Terence is lightly wounded.
Terence misses you.
You closely miss Terence.
Terence is lightly wounded.
Terence completely misses you.
You hit Terence.
Terence is moderately wounded.
Terence hits you with a +0 trident.
* * * LOW HITPOINT WARNING * * *
You hit Terence but do no damage.
Terence is moderately wounded.
Terence hits you with a +0 trident.
You die...

* #.# #. [ #<# #. .
#.# #.*? #!# ,* #. .
#.# #.#. #.# * ...
#.#################..
#...@@......<........
#####################


You could see Terence.

Vanquished Creatures
  A leopard gecko (D:1)
  5 goblins (D:1)
  3 hobgoblins (D:1)
  A kobold (D:1)
  3 bats (D:1)
  A frilled lizard (D:1)
  7 rats
21 creatures vanquished.

Notes
Turn   | Place    | Note
-------+----------+-------------------------------------------
     0 | D:1      | BinkBink the Deep Dwarf Berserker began the quest for the
                  | Orb.
     0 | D:1      | Reached XP level 1. HP: 20/20 MP: 1/1
   239 | D:1      | Reached XP level 2. HP: 21/27 MP: 2/2
   686 | D:2      | Noticed Terence
   712 | D:2      | HP: 1/28 [Terence/+0 trident (5)]
   713 | D:2      | Slain by Terence

Levels and vault maps discovered:
D:1:      co_arrival_random_square_maze, layout_basic
D:2:      minmay_roachtagon, layout_loops_ring, lemuel_crystal_altar,
          nicolae_overflow_crystal_walls, uniq_sigmund, uniq_terence

Skill      XL: |  1  2 |
---------------+-------+-----
Fighting       | 3 |  3.1
Long Blades    | |  3.6
Armour         | |  2.2
Dodging        | |  2.3

Action                   || total
-------------------------++-------
Melee: Falchion          ||    39
Armor: Animal skin       ||     5
Dodge: Dodged            ||    21
       Rpst.: Falchion   ||     7

Table legend:
 A = Non-vault XP
 B = Vault XP
 C = Vault XP percentage of total XP
 D = Non-vault monster count
 E = Vault monster count
 F = Vault count percentage of total count
                 A         B        C        D         E       F
            +---------+---------+-------+---------+---------+-------
      Total |      33 |       0 |   0.0 |      21 |       0 |   0.0
            +---------+---------+-------+---------+---------+-------
        D:1 |      32 |       0 |   0.0 |      20 |       0 |   0.0
        D:2 |       1 |       0 |   0.0 |       1 |       0 |   0.0
            +---------+---------+-------+---------+---------+-------
